 Dungeon Crawl Stone Soup version 0.27-a0-498-g7ecbb0a48f (webtiles) character file.

Game seed: 820712522018633518

2880 HoaS the Grappler (level 9, -1/71 HPs)
             Began as a Demigod Gladiator on Mar 2, 2021.
             Slain by a yak (12 damage)
             ... on level 9 of the Dungeon.
             The game lasted 00:12:27 (5263 turns).

HoaS the Grappler (Demigod Gladiator)               Turns: 5263, Time: 00:12:28

Health: -1/71      AC: 12    Str: 23    XL:     9   Next: 24%
Magic:  11/11      EV: 11    Int: 10    God:
Gold:   346        SH:  0    Dex: 19    Spells: 8/8 levels left

rFire    . . .     SeeInvis .     - Unarmed
rCold    . . .     Faith    .   (no shield)
rNeg     . . .     Spirit   .   f - +0 chain mail
rPois    .         Reflect  .   b - +2 helmet
rElec    .         Harm     .   (no cloak)
rCorr    .         Rampage  .   (no gloves)
Will     .....                  (no boots)
Stlth    ..........             (no amulet)
HPRegen  0.21/turn              (no ring)
MPRegen  0.12/turn              (no ring)

@: berserk cooldown, slowed, very slow
A: high mp 1
a: no special abilities


You were on level 9 of the Dungeon.
You visited 1 branch of the dungeon, and saw 9 of its levels.

You collected 346 gold pieces.

Inventory:

Missiles
 c - a throwing net (quivered)
 e - 7 boomerangs
Armour
 b - a +2 helmet (worn)
 f - a +0 chain mail (worn)
Scrolls
 d - a scroll of enchant armour
 g - 2 scrolls of teleportation
 j - a scroll of fear
 m - 2 scrolls of magic mapping
Potions
 a - a potion of attraction
 h - a potion of berserk rage
 i - a potion of curing
 k - a potion of resistance
 l - a potion of ambrosia {unknown}


   Skills:
 + Level 4.1 Fighting
 - Level 1.7 Throwing
 + Level 3.5 Armour
 + Level 4.6 Dodging
 * Level 10.4 Unarmed Combat


You had 8 spell levels left.
You didn't know any spells.
Your spell library contained the following spells:

 Spells                   Type           Power        Failure   Level
 Sting                    Tmut/Pois      0%           96%         1
 Poisonous Vapours        Pois/Air       0%           99%         2
 Ignite Poison            Fire/Tmut/Pois 0%           100%        3
 Mephitic Cloud           Conj/Pois/Air  0%           100%        3
 Olgreb's Toxic Radiance  Pois           0%           100%        4


Dungeon Overview and Level Annotations

Branches:
Dungeon (10/15)            Temple (0/1) D:7
   Lair: D:8-11         Orc: D:9-12


Innate Abilities, Weirdness & Mutations

You have an increased reservoir of magic. (+10% MP)


Message History

The yak is severely wounded.
The yak closely misses you.
You hit the yak. You punch the yak.
You kill the yak!
Your Fighting skill increases to level 4!
You hit the yak.
The yak is heavily wounded.
The yak gores you.
You punch the yak!
The yak is almost dead.
The yak gores you but does no damage.
You hit the yak but do no damage.
The yak is almost dead.
The yak gores you but does no damage. The yak gores you.
You hit the yak but do no damage. You punch the yak!
The yak is almost dead.
The yak misses you.
You hit the yak.
You kill the yak!
You hit the yak.
The yak is lightly wounded.
The yak gores you.
* * * LOW HITPOINT WARNING * * *
You hit the yak but do no damage.
The yak is lightly wounded.
The yak gores you.
* * * LOW HITPOINT WARNING * * *
You hit the yak but do no damage.
The yak is lightly wounded.
The yak barely misses you.
You punch the yak!
The yak is heavily wounded.
The yak closely misses you. The yak completely misses you.
You punch the yak!
The yak is almost dead.
The yak gores you but does no damage.
You hit the yak.
The yak is almost dead.
The yak gores you!
You die...

### ##.. #..
#.# #@# #Y##
#..######
#.......#####
#............
#.......#....
#..<.#### ##
#....# #)....


You could see a yak.

Vanquished Creatures
  Sigmund (D:2)
  5 yaks (D:9)
  Eustachio (D:4)
  Menkaure (D:6)
  Edmund (D:5)
  2 sky beasts
  A necrophage (D:6)
  A centaur (D:5)
  2 bullfrogs (D:6)
  A gnoll sergeant (D:6)
  8 wights
  A howler monkey (D:5)
  4 crimson imps (D:5)
  A centaur zombie (D:5)
  A hound (D:5)
  An orc priest (D:5)
  3 orc wizards
  7 worker ants
  A hound skeleton (D:5)
  5 adders
  6 gnolls
  A shadow imp (D:5)
  An adder zombie (D:5)
  An adder skeleton (D:4)
  2 dart slugs
  2 leopard geckos
  14 orcs
  11 bats
  A giant cockroach (D:4)
  10 goblins
  11 hobgoblins
  4 jackals
  6 quokkas
  3 ball pythons
  A ball python skeleton (D:5)
  5 frilled lizards
  A jackal skeleton (D:4)
  A jackal zombie (D:5)
  6 kobolds
  2 leopard gecko skeletons
  15 rats
152 creatures vanquished.

Notes
Turn   | Place    | Note
-------+----------+-------------------------------------------
     0 | D:1      | HoaS the Demigod Gladiator began the quest for the Orb.
     0 | D:1      | Reached XP level 1. HP: 17/17 MP: 3/3
    80 | D:1      | Reached skill level 3 in Unarmed Combat
   374 | D:1      | Reached XP level 2. HP: 24/24 MP: 4/4
   840 | D:2      | Reached skill level 4 in Unarmed Combat
   840 | D:2      | Reached XP level 3. HP: 29/29 MP: 5/5
  1124 | D:2      | Found a stormy altar of Qazlal.
  1234 | D:2      | Found a hazy altar of Hepliaklqana.
  1250 | D:2      | Noticed Sigmund
  1263 | D:2      | Killed Sigmund
  1264 | D:2      | Reached skill level 6 in Unarmed Combat
  1264 | D:2      | Reached XP level 4. HP: 32/36 MP: 6/6
  1264 | D:2      | Reached XP level 5. HP: 37/41 MP: 7/7
  1550 | D:3      | Noticed a +0 dagger
  1551 | D:3      | Noticed a +0 hand axe
  1555 | D:3      | Found a hide-covered altar of Uskayaw.
  2122 | D:4      | Reached XP level 6. HP: 41/48 MP: 8/8
  2532 | D:4      | Noticed Eustachio
  2549 | D:4      | Killed Eustachio
  2550 | D:4      | Reached skill level 7 in Unarmed Combat
  2619 | D:4      | Found a shimmering altar of Xom.
  2692 | D:5      | Entered Level 5 of the Dungeon
  2908 | D:4      | Reached XP level 7. HP: 47/53 MP: 9/9
  3196 | D:5      | Reached skill level 8 in Unarmed Combat
  3266 | D:5      | Noticed Edmund
  3281 | D:5      | Killed Edmund
  3405 | D:5      | Found a burning altar of Makhleb.
  3440 | D:5      | Reached skill level 9 in Unarmed Combat
  3827 | D:5      | Found a shimmering altar of Xom.
  3848 | D:5      | Reached skill level 1 in Armour
  3848 | D:5      | Reached XP level 8. HP: 59/61 MP: 10/10
  4667 | D:6      | Found a sparkling altar of Nemelex Xobeh.
  4725 | D:6      | Noticed Menkaure
  4741 | D:6      | Killed Menkaure
  5022 | D:7      | Found a staircase to the Ecumenical Temple.
  5166 | D:7      | Found a blossoming altar of Fedhas.
  5208 | D:7      | You fall into a shaft and drop 3 floors!
  5208 | D:10     | Entered Level 10 of the Dungeon
  5232 | D:9      | Reached skill level 10 in Unarmed Combat
  5241 | D:9      | Reached XP level 9. HP: 48/71 MP: 11/11
  5263 | D:9      | Slain by a yak

Illustrated notes

Levels and vault maps discovered:
D:1:      nzn_arrival_settlement, layout_basic
D:2:      layout_rooms, old_standard_altar, nzn_hepliaklqana_mist_gate,
          minmay_tetromino_l2, uniq_sigmund
D:3:      layout_basic, dancing_weapons_uskayaw
D:4:      layout_cave_pools, nicolae_overflow_hidden_temple, uniq_eustachio
D:5:      layout_cave_pools, basic_altar, led_xom_imps, uniq_edmund
D:6:      layout_rooms, nemelex_xobeh_ov_fountains_minmay,
          corexii_hall_statues_s, hangedman_abyss_or_decor_slice,
          corexii_leaking_fountain, uniq_menkaure
D:7:      layout_rooms, lemuel_coloured_pillars_altar, lemuel_round_altar,
          minmay_temple_entry_overgrown
D:9:      hangedman_screamer, layout_rooms
D:10:     lemuel_ice_statue, layout_loops_ring, dpeg_oklobed_lair, basic_altar,
          grunt_tough_drop

Skill      XL: |  1  2  3  4  5  6  7  8  9 |
---------------+----------------------------+-----
Unarmed Combat | 3 4 6 7 9 10 | 10.4
Fighting       | 2 3 4 |  4.1
Dodging        | 3 4 |  4.6
Armour         | 1 3 |  3.5
Throwing       | |  1.7

Action                   |  1- 3 |  4- 6 |  7- 9 || total
-------------------------+-------+-------+-------++-------
Melee: Unarmed           |   199 |   157 |   245 ||   601
       Punch             |     2 |     7 |    13 ||    22
Throw: Throwing net      |     3 |       |       ||     3
  Use: Scroll            |     7 |     6 |     4 ||    17
       Potion            |       |       |     1 ||     1
Armor: Chain mail        |    56 |    74 |    89 ||   219
       Leather armour    |     4 |       |       ||     4
       Scale mail        |    25 |    10 |       ||    35
       Skin              |     2 |       |       ||     2
Dodge: Dodged            |    93 |    74 |    92 ||   259

Table legend: (Time is in decaauts)
 A = Elapsed time spent in this place.
 B = Non-inter-level travel time spent in this place.
 C = Inter-level travel time spent in this place.
 D = Time resting spent in this place.
 E = Time spent auto-exploring this place.
 F = Levels seen in this place.
 G = Mean time per level.
                   A        B        C        D        E       F      G
               +--------+--------+--------+--------+--------+-----+--------+
         Total |   5191 |   5039 |    152 |   1606 |   2321 |   9 |  576.8 |
       Dungeon |   5191 |   5039 |    152 |   1606 |   2321 |   9 |  576.8 |
               +--------+--------+--------+--------+--------+-----+--------+

Top non-repeatable levels by time:
     D:5: 1216 daAuts
     D:4: 1066 daAuts
     D:1: 823 daAuts
     D:6: 786 daAuts
     D:2: 643 daAuts
     D:3: 555 daAuts
     D:7: 51 daAuts
     D:9: 40 daAuts
    D:10: 7 daAuts
